 Dungeon Crawl Stone Soup version 0.25.1-2-g60ff931df9 (webtiles) character file.

Game seed: 12062455684729720266

499 hawla the Slasher (level 6, 0/52 HPs)
             Began as a Minotaur Gladiator on Nov 8, 2020.
             Slain by an iguana (7 damage)
             ... on level 5 of the Dungeon.
             The game lasted 00:06:38 (3488 turns).

hawla the Slasher (Minotaur Gladiator)              Turns: 3488, Time: 00:06:39

Health: 0/52       AC:  3    Str: 21    XL:     6   Next: 94%
Magic:  5/5        EV: 14    Int:  5    God:
Gold:   197        SH:  0    Dex: 11    Spells: 5/5 levels left

rFire    . . .     SeeInvis .   a - +0 long sword
rCold    . . .     Gourm    .   (no shield)
rNeg     . . .     Faith    .   b - +0 leather armour
rPois    .         Spirit   .   c - +0 hat
rElec    .         Reflect  .   (no cloak)
rCorr    .         Harm     .   (no gloves)
MR       .....                  (no boots)
Stlth    +.........             (no amulet)
HPRegen  0.17/turn              (no ring)
MPRegen  0.09/turn              (no ring)

@: invisible
A: retaliatory headbutt, horns 2
a: no special abilities


You were on level 5 of the Dungeon.
You were not hungry.

You visited 1 branch of the dungeon, and saw 5 of its levels.

You collected 197 gold pieces.

Inventory:

Hand Weapons
 a - a +0 long sword (weapon)
Missiles
 d - 3 throwing nets (quivered)
 h - 2 curare-tipped darts
Armour
 b - a +0 leather armour (worn)
 c - a +0 hat (worn)
Jewellery
 m - an uncursed ring of fire
Scrolls
 k - 2 scrolls of remove curse
 s - a scroll of identify
 t - a scroll of immolation {unknown}
Potions
 e - a potion of cancellation
 g - a potion of curing
 i - a potion of berserk rage
 j - a potion of magic
 n - 2 potions of might {unknown}
 p - 3 potions of flight {unknown}
 q - a potion of degeneration {unknown}
 r - a potion of heal wounds {unknown}
Comestibles
 f - 11 rations
 l - 2 chunks of flesh


   Skills:
 + Level 4.0 Fighting
 + Level 6.5 Long Blades
 + Level 2.7 Throwing
 + Level 2.7 Armour
 * Level 5.3 Dodging
 + Level 0.2 Stealth


You had 5 spell levels left.
You didn't know any spells.
Your spell library was empty.

Dungeon Overview and Level Annotations

Branches:
Dungeon (5/15)
 Temple: D:4-7

Altars:


Innate Abilities, Weirdness & Mutations

You reflexively headbutt those who attack you in melee.
You have a pair of horns on your head.


Message History

The centaur shouts!
The iguana hisses angrily.
The centaur wields a +0 shortbow.
The centaur shoots an arrow.
The arrow misses you.
You see here an arrow.
The centaur shoots an arrow.
The arrow misses you.
You see here an arrow.
You closely miss the iguana. The iguana completely misses you.
You riposte.
You hit the iguana.
The iguana is lightly wounded.
The centaur shoots an arrow.
The arrow hits you!
You hit the iguana but do no damage. Your headbutt misses the iguana.
The iguana is lightly wounded.
The centaur shoots an arrow.
The arrow hits you. The iguana bites you!
The centaur shoots an arrow.
The arrow hits you!
* * * LOW HITPOINT WARNING * * *
You are too injured to fight recklessly!
You are too injured to fight recklessly!
You fade into invisibility!
The iguana bites you!
You die...

... ### #.# #.# #.#
## #.####### .#####
#........ .....#
#........ ####.##
#.l......
#..##########@.......
##........>(.........
############........
#...c.... #........
#........ #########


You could see a centaur and an iguana.

Vanquished Creatures
  Sigmund (D:3)
  An ogre (D:4)
  A bullfrog skeleton (D:5)
  An orc wizard (D:3)
  A centaur skeleton (D:4)
  A worker ant (D:4)
  Robin (D:4)
  5 adders
  2 oozes
  An adder skeleton (D:4)
  A worm (D:3)
  A dart slug (D:2)
  6 leopard geckos
  4 orcs (D:3)
  4 giant cockroaches
  18 goblins
  7 hobgoblins
  10 bats
  A frilled lizard (D:3)
  9 kobolds
  A quokka zombie (D:5)
  5 rats
82 creatures vanquished.

Notes
Turn   | Place    | Note
-------+----------+-------------------------------------------
     0 | D:1      | hawla the Minotaur Gladiator began the quest for the Orb.
     0 | D:1      | Reached XP level 1. HP: 18/18 MP: 0/0
     3 | D:1      | Noticed an electric eel
     3 | D:1      | Noticed an electric eel
   153 | D:1      | Reached skill level 4 in Long Blades
   153 | D:1      | Reached XP level 2. HP: 25/25 MP: 1/1
   801 | D:2      | Reached XP level 3. HP: 19/30 MP: 2/2
  1524 | D:3      | Reached XP level 4. HP: 37/37 MP: 3/3
  1539 | D:3      | Reached skill level 1 in Armour
  1751 | D:3      | Noticed Sigmund
  1770 | D:3      | Killed Sigmund
  1770 | D:3      | Reached skill level 5 in Long Blades
  1770 | D:3      | Reached XP level 5. HP: 20/45 MP: 4/4
  2035 | D:3      | Reached XP level 6. HP: 45/51 MP: 5/5
  2548 | D:4      | Identified the +0 helmet of Bright Salvation {-Cast rPois
                  | SInv Stlth+}
  2548 | D:4      | Noticed Robin
  2558 | D:4      | Killed Robin
  2706 | D:4      | Reached skill level 5 in Dodging
  3089 | D:4      | Reached skill level 6 in Long Blades
  3320 | D:5      | Entered Level 5 of the Dungeon
  3488 | D:5      | Slain by an iguana

Illustrated notes

Levels and vault maps discovered:
D:1:      arrival_aquarium_b, layout_loops_ring, chequers_jeans, grunt_decor_cap
D:2:      layout_basic
D:3:      layout_basic, first_ration, uniq_sigmund
D:4:      layout_basic, grunt_ministairs_4, uniq_robin
D:5:      layout_rooms, kennysheep_okawaru_gauntlet

Skill      XL: |  1  2  3  4  5  6 |
---------------+-------------------+-----
Long Blades    | 4 5 6 |  6.5
Dodging        | 4 5 |  5.3
Armour         | 2 |  2.7
Fighting       | 3 4 |  4.0
Throwing       | |  2.7
Stealth        | |  0.2

Action                   |  1- 3 |  4- 6 || total
-------------------------+-------+-------++-------
Melee: Long sword        |    76 |    87 ||   163
       Headbutt          |    11 |    17 ||    28
Throw: Dart              |       |     4 ||     4
       Throwing net      |       |     3 ||     3
  Use: Scroll            |     7 |     4 ||    11
       Potion            |       |     1 ||     1
  Eat: Chunk             |     2 |     6 ||     8
Armor: Leather armour    |    25 |    14 ||    39
Dodge: Dodged            |    53 |    66 ||   119
       Rpst.: Long sword |     6 |    22 ||    28
